 Dungeon Crawl Stone Soup version 0.18.1-8-gdd0e5ea (webtiles) character file.

216 Shtopit the Skirmisher (level 5, -1/45 HPs)
             Began as a Centaur Fighter on June 1, 2016.
             Killed from afar by Sigmund (5 damage)
             ... with a wand of flame
             ... on level 5 of the Dungeon.
             The game lasted 00:08:04 (3848 turns).

Shtopit the Skirmisher (Centaur Fighter)            Turns: 3848, Time: 00:08:05

Health: -1/45      AC:  8    Str: 23    XL:     5   Next: 61%
Magic:  5/5        EV:  4    Int:  7    God:
Gold:   226        SH:  0    Dex: 10    Spells: 0 memorised, 4 levels left

rFire  . . .     SeeInvis .     a - +0 flail
rCold  . . .     Gourm    .     n - +0 chain mail
rNeg   . . .     Faith    .     c - +0 shield
rPois  .         Spirit   .     (no helmet)
rElec  .         Dismiss  .     (no cloak)
rCorr  .         Reflect  .     (no gloves)
SustAt .         Harm     .     (no barding)
MR     .....                    (no amulet)
Stlth  ..........               (no ring)
                                (no ring)

@: confused, mighty, very quick, not resistant to hostile enchantments,
extremely unstealthy
A: hooves 3, deformed body, speed 2, tough skin 3
a: no special abilities


You were on level 5 of the Dungeon.
You were not hungry.

You visited 2 branches of the dungeon, and saw 6 of its levels.

You collected 226 gold pieces.

Inventory:

Hand Weapons
 a - a +0 flail (weapon)
 u - a +1 dagger of draining
Missiles
 m - 14 arrows
Armour
 b - a +0 scale mail
 c - a +0 shield (worn)
 n - a +0 chain mail (worn)
Jewellery
 s - an uncursed ring of see invisible {unknown}
 x - an uncursed ring of ice {unknown}
Wands
 y - a wand of teleportation (8/9)
Scrolls
 g - a scroll of fog {unknown}
 h - 2 scrolls of enchant weapon {unknown}
 i - 5 scrolls of identify {unknown}
 j - 2 scrolls of teleportation {unknown}
 l - 2 scrolls of amnesia {unknown}
 p - 2 scrolls of remove curse {unknown}
 r - 2 scrolls of magic mapping {unknown}
 v - a scroll of recharging {unknown}
 w - a scroll of fear {unknown}
 C - a scroll of blinking {unknown}
Potions
 k - 2 potions of ambrosia
 o - a potion of agility {unknown}
 q - a potion of cure mutation {unknown}
 t - a potion of lignification {unknown}
 A - 2 potions of haste {unknown}
 D - a potion of degeneration {unknown}
Comestibles
 f - 3 bread rations
 z - 2 slices of pizza
 E - 4 fruits


   Skills:
 + Level 3.6 Fighting
 + Level 2.6 Maces & Flails
 + Level 3.0 Armour
 + Level 1.4 Dodging
 + Level 0.4 Stealth
 + Level 3.0 Shields


You had 4 spell levels left.
You didn't know any spells.

Dungeon Overview and Level Annotations

Branches:
Dungeon (5/15)             Temple (1/1) D:5

Altars:
Cheibriados
Dithmenos
Fedhas
Gozag
Kikubaaqudgha
Nemelex Xobeh
Vehumet
Xom
Zin

Annotations:
D:4 Dowan, Duvessa
D:5 Sigmund


Innate Abilities, Weirdness & Mutations

You have hooves in place of feet.
Armour fits poorly on your strangely shaped body.
You cover ground very quickly.
You have extremely tough skin (AC +3).


Message History

Something tries to affect you, but you resist.
You hear some strange, mumbled words.
A puff of flame appears from out of thin air!
The puff of flame hits you!
* * * LOW HITPOINT WARNING * * *
You bump into the rock wall.
Something hits you but does no damage.
You bump into the rock wall.
You're too confused to move!
You hear a zap.
A puff of flame appears from out of thin air!
The puff of flame hits you!
* * * LOW HITPOINT WARNING * * *
You miss something.
You hear some strange, mumbled words.
Something tries to affect you, but you resist.
You bump into the rock wall.
You hear a zap.
A puff of flame appears from out of thin air!
The puff of flame hits you!
You die...

+....#### #..
###.....# #.#
#......#####.##
#..............
#.#####...#.#..
#.# #..#.#.#.
#.# #.#.#.#.#
####.#
#..#.>.#.
#@...#
#.#.#.#.#
+.{..#
#..#)#.#.
#...##
#...#.#.. #...#
#........ #...#
###...... #####
#######


There were no monsters in sight!

Vanquished Creatures
  2 orc wizards (D:5)
  Jessica (D:3)
  A worker ant (D:4)
  A hound skeleton (D:4)
  3 adders
  A worm (D:2)
  2 dart slugs
  5 orcs
  A ball python (D:1)
  6 bats
  8 hobgoblins
  A jackal (D:4)
  3 quokkas
  8 giant newts
  8 goblins
  5 kobolds
  10 rats
66 creatures vanquished.

Notes
Turn   | Place    | Note
--------------------------------------------------------------
     0 | D:1      | Shtopit the Centaur Fighter began the quest for the Orb.
     0 | D:1      | Reached XP level 1. HP: 19/19 MP: 1/1
   223 | D:1      | Found a sparkling altar of Nemelex Xobeh.
   236 | D:1      | Reached XP level 2. HP: 24/26 MP: 2/2
   781 | D:2      | Found a glowing silver altar of Zin.
   782 | D:2      | Found an opulent altar of Gozag.
   809 | D:2      | Found a faded altar to an unknown god.
   972 | D:2      | Reached XP level 3. HP: 16/31 MP: 3/3
  1182 | D:2      | Found a shadowy altar of Dithmenos.
  1428 | D:2      | Reached skill level 1 in Dodging
  2117 | D:3      | Reached XP level 4. HP: 29/38 MP: 4/4
  2211 | D:3      | Noticed Jessica
  2217 | D:3      | Killed Jessica
  3032 | D:4      | Noticed Duvessa
  3032 | D:4      | Noticed Dowan
  3296 | D:4      | Reached XP level 5. HP: 34/45 MP: 5/5
  3464 | D:4      | Noticed an ogre
  3485 | D:5      | Entered Level 5 of the Dungeon
  3524 | D:5      | Found a staircase to the Ecumenical Temple.
  3604 | Temple   | Entered the Ecumenical Temple
  3824 | D:5      | Noticed Sigmund
  3848 | D:5      | Killed from afar by Sigmund

Skill      XL: |  1  2  3  4  5 |
---------------+----------------+-----
Dodging        | 1 |  1.4
Maces & Flails | 2 |  2.6
Armour         | 3 |  3.0
Shields        | 3 |  3.0
Fighting       | |  3.6
Stealth        | |  0.4

Action                   |  1- 3 |  4- 6 || total
-------------------------+-------+-------++-------
Melee: Flail             |   186 |   101 ||   287
       Kick              |    28 |    20 ||    48
  Use: Potion            |       |     4 ||     4
  Eat: Chunk             |     3 |     5 ||     8
Armor: Scale mail        |    32 |       ||    32
       Chain mail        |    80 |    54 ||   134
Dodge: Dodged            |    36 |    13 ||    49
Block: Shield            |    92 |    30 ||   122
